 Dungeon Crawl Stone Soup version 0.31-a0-662-g684573625c (webtiles) character file.

Game seed: 17075614913662298111

471 subawu the Shield-Bearer (level 6, -2/62 HPs)
             Began as a Troll Fighter on Aug 31, 2023.
             Slain by a lemure (7 damage)
             ... led by Pikel
             ... on level 4 of the Dungeon.
             The game lasted 00:08:28 (2094 turns).

subawu the Shield-Bearer (Troll Fighter)            Turns: 2094, Time: 00:08:29

Health: -2/62      AC:  8    Str: 25    XL:     6   Next: 83%
Magic:  5/5        EV:  1    Int:  6    God:
Gold:   107        SH:  0    Dex:  9    Spells: 5/5 levels left

rFire   . .          .
                       - Unarmed
rCold   . . .        b - +0 kite shield
rNeg    . . .        a - +0 robe
rPois   .            (helmet restricted)
rElec   .            (no cloak)
rCorr   .            (gloves unavailable)
SInv    .            (boots unavailable)
Will    .....        (no amulet)
Stlth   +            d - +4 ring of protection
HPRegen 1.10/turn    (no ring)
MPRegen 0.09/turn

%: no passive effects
@: sleeping
A: large, unfitting armour, claws 3, regeneration 1, shaggy fur 1, tough skin 1
a: no special abilities


You were on level 4 of the Dungeon.
You visited 1 branch of the dungeon, and saw 4 of its levels.

You collected 107 gold pieces.

Inventory:

Missiles
 g - 11 poisoned darts
Armour
 a - a +0 robe (worn)
 b - a +0 kite shield (worn)
Jewellery
 d - a +4 ring of protection (left claw)
 o - a ring of willpower
 r - a ring of ice
Wands
 p - a wand of flame (15)
 q - a wand of polymorph (8)
Scrolls
 h - 3 scrolls of teleportation {unknown}
 k - 5 scrolls of identify {unknown}
 n - 2 scrolls of brand weapon {unknown}
 s - a scroll of fear {unknown}
Potions
 c - a potion of might
 e - 2 potions of lignification {unknown}
 f - 2 potions of resistance {unknown}
 i - 3 potions of mutation {unknown}
 j - 2 potions of degeneration {unknown}
 l - 2 potions of curing {unknown}
 m - 2 potions of haste {unknown}


   Skills:
 + Level 3.8 Fighting
 + Level 3.8 Dodging
 + Level 4.1 Shields
 + Level 4.0 Unarmed Combat


You had 5 spell levels left.
You didn't know any spells.
Your spell library contained the following spells:

 Spells                   Type           Power      Damage    Failure   Level
 Dazzling Flash           Conj/Hex       0%         N/A       97%         3
 Volatile Blastmotes      Fire/Tloc      0%         2d10      97%         3
 Starburst                Conj/Fire      0%         6d3       100%        6
 Maxwell's Capacitive Co  Air            0%         ∞         100%        8


Dungeon Overview and Level Annotations

Branches:
Dungeon (4/15)
 Temple: D:4-7

Altars:
Cheibriados
Elyvilon
Makhleb
Wu Jian

Shops:
D:3 :

Annotations:
D:4 Pikel


Innate Abilities, Weirdness & Mutations

You are too large for most types of armour.
You have claws for hands.
Your natural rate of healing is unusually fast.
You are covered in fur. (AC +1)
You have tough skin. (AC +1)


Message History

Pikel hits you with a +2 whip of flaming.
Pikel burns you. You block the sleepcap's attack.
You block the lemure's attack.
You claw Pikel!
Pikel is heavily wounded.
Pikel hits you but does no damage. The sleepcap barely misses you.
The lemure hits you but does no damage.
You scratch Pikel but do no damage.
Pikel is heavily wounded.
Pikel hits you with a +2 whip of flaming!
Pikel burns you. The sleepcap closely misses you. The lemure hits you.
* * * LOW HITPOINT WARNING * * *
You scratch Pikel.
Pikel is heavily wounded.
Pikel hits you with a +2 whip of flaming.
* * * LOW HITPOINT WARNING * * *
Pikel burns you.
* * * LOW HITPOINT WARNING * * *
The sleepcap barely misses you. The lemure hits you.
* * * LOW HITPOINT WARNING * * *
You barely miss Pikel.
Pikel is heavily wounded.
You block Pikel's attack.
The sleepcap releases spores at you but does no damage.
You block the lemure's attack. You block Pikel's attack.
You claw Pikel!
Pikel is severely wounded.
The sleepcap closely misses you. The lemure closely misses you.
Pikel hits you with a +2 whip of flaming.
* * * LOW HITPOINT WARNING * * *
Pikel burns you.
* * * LOW HITPOINT WARNING * * *
You scratch Pikel but do no damage.
Pikel is severely wounded.
The sleepcap releases spores at you.
* * * LOW HITPOINT WARNING * * *
You are engulfed in a cloud of soporific spores!
You fall asleep.
The lemure hits you!
You die...

### ##@##
##5Kf##
###.555.##
#....K...####
#.#...>......
...#.....#####
### #.....#
##...## ##.##


You could see Pikel, 4 lemures, a sleepcap and a kobold.

Vanquished Creatures
  A black bear (D:4)
  A phantom (D:3)
  A scorpion (D:3)
  An iguana (D:4)
  Terence (D:2)
  Natasha (thrice) (D:2)
  4 adders
  An ufetubus (D:4)
  7 dart slugs
  5 ball pythons
  4 endoplasms
  2 goblins
  4 hobgoblins
  7 jackals
  4 quokkas
  4 bats
  6 frilled lizards
  6 kobolds
  7 rats
69 creatures vanquished.

Notes
Turn   | Place    | Note
-------+----------+-------------------------------------------
     0 | D:1      | subawu the Troll Fighter began the quest for the Orb.
     0 | D:1      | Reached XP level 1. HP: 22/22 MP: 0/0
    80 | D:1      | Reached XP level 2. HP: 29/29 MP: 1/1
   306 | D:1      | Reached XP level 3. HP: 29/36 MP: 2/2
   589 | D:2      | Noticed Terence
   599 | D:2      | Killed Terence
   744 | D:2      | Noticed Natasha
   753 | D:2      | Killed Natasha
   754 | D:2      | Reached XP level 4. HP: 39/45 MP: 3/3
   788 | D:2      | Noticed Natasha
   803 | D:2      | Killed Natasha
   815 | D:2      | Found a white marble altar of Elyvilon.
  1042 | D:2      | Noticed Natasha
  1058 | D:2      | Killed Natasha
  1059 | D:2      | Reached XP level 5. HP: 39/53 MP: 4/4
  1157 | D:3      | Found an ornate altar of the Wu Jian Council.
  1237 | D:3      | Found a burning altar of Makhleb.
  1296 | D:3      | Found a snail-covered altar of Cheibriados.
  1480 | D:3      | Noticed a phantom
  1515 | D:3      | Killed a phantom
  1516 | D:3      | Reached XP level 6. HP: 58/61 MP: 5/5
  1824 | D:3      | Found Burydghy's Book Shop.
  2058 | D:4      | Noticed Pikel
  2094 | D:4      | Slain by a lemure

Illustrated notes

Levels and vault maps discovered:
D:1:      ncdulo_wetmaze, layout_rooms, corexii_hall_statues_i
D:2:      layout_rooms, basic_altar, kennysheep_cross_bottleneck, uniq_natasha,
          uniq_terence
D:3:      layout_basic, nicolae_overflow_crystal_walls,
          mainiacjoe_overflow_alcove_4, lemuel_round_altar, serial_shops,
          nicolae_square_shop
D:4:      cheibrodos_old_hovel, layout_loops_corners, tgw_xom,
          hangedman_decor_points, lightli_minifort, uniq_pikel

Skill      XL: |  1  2  3  4  5  6 |
---------------+-------------------+-----
Shields        | 3 4 |  4.1
Fighting       | 3 |  3.8
Dodging        | 3 |  3.8
Unarmed Combat | 3 4 |  4.0

Action                     |  1- 3 |  4- 6 || total
---------------------------+-------+-------++-------
  Melee: Unarmed           |    95 |   153 ||   248
 Armour: Robe              |    98 |   141 ||   239
         Skin              |       |     5 ||     5
  Dodge: Dodged            |    45 |    90 ||   135
  Block: Kite shield       |    61 |    88 ||   149

Table legend: (Time is in decaauts)
 A = Elapsed time spent in this place.
 B = Non-inter-level travel time spent in this place.
 C = Inter-level travel time spent in this place.
 D = Time resting spent in this place.
 E = Time spent auto-exploring this place.
 F = Levels seen in this place.
 G = Mean time per level.
                   A        B        C        D        E       F      G
               +--------+--------+--------+--------+--------+-----+--------+
         Total |   2129 |   2079 |     50 |      0 |   1216 |   4 |  532.2 |
       Dungeon |   2129 |   2079 |     50 |      0 |   1216 |   4 |  532.2 |
               +--------+--------+--------+--------+--------+-----+--------+

Top non-repeatable levels by time:
     D:3: 840 daAuts
     D:1: 595 daAuts
     D:2: 565 daAuts
     D:4: 127 daAuts
